 Dungeon Crawl Stone Soup version 0.20.1-1-g8b1a95d (webtiles) character file.

155 McKennaii the Conjurer (level 5, 0/38 HPs)
             Began as a Draconian Conjurer on July 28, 2017.
             Slain by an iguana (10 damage)
             ... on level 3 of the Dungeon.
             The game lasted 00:04:54 (2881 turns).

McKennaii the Conjurer (Draconian Conjurer)         Turns: 2881, Time: 00:04:55

Health: 0/38       AC:  6    Str: 11    XL:     5   Next: 14%
Magic:  0/10       EV: 12    Int: 16    God:
Gold:   136        SH:  0    Dex: 11    Spells: 9/10 levels left

rFire    . . .     SeeInvis .   (no weapon)
rCold    . . .     Gourm    .   (no shield)
rNeg     . . .     Faith    .   (armour unavailable)
rPois    .         Spirit   .   (helmet restricted)
rElec    .         Reflect  .   (no cloak)
rCorr    .         Harm     .   d - +0 pair of gloves
MR       .....                  (no boots)
Stlth    ++........             (no amulet)
Regen    0.2/turn               (no ring)
MPRegen  0.2/turn               (no ring)

@: no status effects
A: unfitting armour, cold-blooded, AC +5
a: no special abilities


You were on level 3 of the Dungeon.
You were not hungry.

You visited 1 branch of the dungeon, and saw 3 of its levels.

You collected 136 gold pieces.

Inventory:

Armour
 d - a +0 pair of gloves (worn)
Jewellery
 n - an uncursed ring of ice {unknown}
Scrolls
 c - 2 scrolls of enchant armour {unknown}
 e - a scroll of teleportation {unknown}
 f - 2 scrolls of identify {unknown}
 h - a scroll of magic mapping {unknown}
 j - a scroll of fog {unknown}
 l - a scroll of remove curse {unknown}
 o - a scroll of recharging {unknown}
Potions
 g - a potion of haste
 i - a potion of heal wounds
 m - a potion of curing {unknown}
Books
 a - a book of Conjurations

   Spells                             Type                      Level
   a - Magic Dart                     Conjuration                  1
   b - Searing Ray                    Conjuration                  2
   c - Dazzling Spray                 Conjuration/Hexes            3
   d - Fulminant Prism                Conjuration/Hexes            4
   e - Force Lance                    Conjuration/Translocation    4
   f - Iskenderun's Mystic Blast      Conjuration                  4
Comestibles
 b - 2 bread rations
 k - 2 royal jellies
 p - 2 meat rations
 q - a chunk of flesh


   Skills:
 + Level 0.2 Fighting
 + Level 2.1 Dodging
 + Level 2.0 Stealth
 + Level 3.4 Spellcasting
 + Level 5.3 Conjurations


You had 9 spell levels left.
You knew the following spells:

 Your Spells              Type           Power        Failure   Level  Hunger
a - Magic Dart            Conj           ###.         1%          1    None


Dungeon Overview and Level Annotations

Branches:
Dungeon (3/15)

Altars:
Hepliaklqana
Ru


Innate Abilities, Weirdness & Mutations

Your plain brown scales are hard. (AC +5)
You cannot fit into any form of body armour.
You are cold-blooded and may be slowed by cold attacks.


Message History

The iguana is severely wounded.
The iguana bites you!
Casting: Magic Dart
Confirm with . or Enter, or press ? or * to list all spells.
Aiming: Magic Dart
Press: ? - help, Shift-Dir - straight line, f/p - iguana
Aim: an iguana (severely wounded)
The magic dart hits the iguana.
The iguana is severely wounded.
The iguana bites you!
* * * LOW HITPOINT WARNING * * *
Casting: Magic Dart
Confirm with . or Enter, or press ? or * to list all spells.
Aiming: Magic Dart
Press: ? - help, Shift-Dir - straight line, f/p - iguana
Aim: an iguana (severely wounded)
The magic dart hits the iguana.
The iguana is almost dead.
The iguana bites you!
You die...

...#
#...........#
##.#.#. ####
#...........#
##.##.
#.#.........#
####.
..........######
#.
..####.......(..
##
.......#.######
.#######.# #†#
#@# #.l...#
>.......#
#.##......#
#......#
#......#
#.###### ..


You could see an iguana.

Vanquished Creatures
  An orc wizard (D:3)
  A worker ant (D:2)
  3 adders
  An ooze (D:1)
  A worm (D:3)
  A dart slug (D:3)
  4 leopard geckos
  4 orcs
  5 giant cockroaches
  3 goblins (D:2)
  7 hobgoblins
  6 jackals
  4 kobolds
  A ball python (D:2)
  7 bats
  5 frilled lizards
  7 rats
61 creatures vanquished.

Notes
Turn   | Place    | Note
-------+----------+-------------------------------------------
     0 | D:1      | McKennaii the Draconian Conjurer began the quest for the Orb.
     0 | D:1      | Reached XP level 1. HP: 14/14 MP: 3/3
    74 | D:1      | Reached XP level 2. HP: 17/20 MP: 0/5
   663 | D:1      | Reached XP level 3. HP: 24/26 MP: 0/6
  1351 | D:2      | Found a sacrificial altar of Ru.
  1470 | D:2      | Reached skill level 5 in Conjurations
  1514 | D:2      | Reached XP level 4. HP: 29/33 MP: 0/7
  2279 | D:3      | Reached XP level 5. HP: 38/38 MP: 3/9
  2478 | D:3      | Found a hazy altar of Hepliaklqana.
  2881 | D:3      | Slain by an iguana

Skill      XL: |  1  2  3  4 |
---------------+-------------+-----
Dodging        | 2 |  2.1
Conjurations   | 5 |  5.3
Stealth        | 2 |  2.0
Spellcasting   | 3 |  3.4
Fighting       | |  0.2

Action                   |  1- 3 |  4- 6 || total
-------------------------+-------+-------++-------
Melee: Unarmed           |    31 |    27 ||    58
       Tailslap          |     4 |     1 ||     5
 Cast: Magic Dart        |    87 |    72 ||   159
  Use: Potion            |       |     3 ||     3
  Eat: Chunk             |     3 |     4 ||     7
Armor: Skin              |    24 |     8 ||    32
Dodge: Dodged            |    45 |    26 ||    71
